 Dungeon Crawl Stone Soup version 0.23-b1-51-gfe822ef6ca (webtiles) character file.

Game seed: 12626265284962605308

156 Majang the Insei (level 5, -2/34 HPs)
             Began as an Octopode Transmuter on Feb 4, 2019.
             Slain by a crocodile (20 damage)
             ... on level 4 of the Dungeon.
             The game lasted 00:15:13 (3873 turns).

Majang the Insei (Octopode Transmuter)              Turns: 3873, Time: 00:15:14

Health: -2/34      AC:  1    Str: 10    XL:     5   Next: 37%
Magic:  17/17      EV: 13    Int: 18    God:
Gold:   186        SH:  3    Dex: 12    Spells: 2/8 levels left

rFire    . . .     SeeInvis .     - Unarmed
rCold    . . .     Gourm    .   o - +0 buckler
rNeg     . . .     Faith    .   (helmet restricted)
rPois    .         Spirit   .   (no amulet)
rElec    .         Reflect  .   p - +2 ring of intelligence
rCorr    .         Harm     .   t - ring of magical power
MR       .....                  (no ring)
Stlth    +++.......             (no ring)
HPRegen  0.11/turn              (no ring)
MPRegen  0.15/turn              (no ring)
                                (no ring)
                                (no ring)

@: appendage
A: almost no armour, stealthy swim, amphibious, 8 rings, constrict 8, tentacle
spike 3, camouflage 1, gelatinous body 1
a: End Transformation


You were on level 4 of the Dungeon.
You were not hungry.
One of your tentacles had a temporary spike.
You visited 1 branch of the dungeon, and saw 4 of its levels.

You collected 186 gold pieces.

Inventory:

Missiles
 a - 22 arrows
Armour
 o - a +0 buckler (worn)
Jewellery
 p - a +2 ring of intelligence (left tentacle)
 t - a ring of magical power (right tentacle)
Scrolls
 b - a scroll of enchant weapon
 h - 2 scrolls of remove curse
 j - 3 scrolls of identify
 s - a scroll of fog
Potions
 d - a potion of might
 e - 2 potions of curing
 g - a potion of resistance {unknown}
 i - 2 potions of agility
 l - 2 potions of flight {unknown}
 n - 3 potions of brilliance {unknown}
 r - a potion of heal wounds {unknown}
Comestibles
 c - 7 rations
 q - 2 chunks of flesh


   Skills:
 + Level 2.0 Fighting
 + Level 2.5 Dodging
 + Level 1.9 Stealth
 + Level 0.7 Shields
 * Level 4.0 Unarmed Combat
 + Level 2.4 Spellcasting
 * Level 3.0 Transmutations


You had 2 spell levels left.
You knew the following spells:

 Your Spells              Type           Power        Failure   Level  Hunger
a - Beastly Appendage     Tmut           ##....       8%          1    #......
b - Sticks to Snakes      Tmut           ##......     12%         2    ##.....
c - Spider Form           Tmut/Pois      #.........   38%         3    ###....

Your spell library contained the following spells:

 Spells                   Type           Power        Failure   Level  Hunger
 Ice Form                 Ice/Tmut       #.......     80%         4    #####..
 Blade Hands              Tmut           ##........   91%         5    ######.


Dungeon Overview and Level Annotations

Branches:
Dungeon (4/15)
 Temple: D:4-7

Altars:

Shops:
D:4 =


Innate Abilities, Weirdness & Mutations

You cannot wear most types of armour.
You are very stealthy in the water. (Stealth+)
You are amphibious.
You can wear up to eight rings at the same time.
You can use your tentacles to constrict eight enemies at once.
Your skin changes colour to match your surroundings (Stealth+).
Your rubbery body absorbs attacks. (AC +1, EV +1)
One of your tentacles bears a large vicious spike.


Message History

Okay, then.
A ball python comes into view.
There is an entrance to Ypnipt's Jewellery Emporium here.
You can access your shopping list by pressing '$'.
Casting: Beastly Appendage (safe; 8% risk of failure)
Confirm with . or Enter, or press ? or * to list all spells.
One of your tentacles grows a vicious spike.
A crocodile comes into view.
The helpless ball python fails to defend itself.
You tentacle-slap the ball python.
You kill the ball python!
You tentacle-slap the crocodile.
The crocodile is moderately wounded.
The crocodile bites you!
You tentacle-slap the crocodile but do no damage.
You pierce the crocodile, but do no damage.
The crocodile is moderately wounded.
The crocodile bites you!!
Ouch! That really hurt!
You die...

#.#.# ##
#...# #
....#.∩.###.#
#.........##.
#####........
#.####### #.#
#.# #@# #t#
#.# #.# #.#
..# ###


You could see a crocodile.

Vanquished Creatures
  5 adders
  A gnoll (D:3)
  An ooze (D:2)
  2 worms
  3 dart slugs
  A leopard gecko (D:3)
  7 orcs
  2 ball pythons
  8 bats
  5 giant cockroaches
  6 goblins
  7 hobgoblins
  2 jackals (D:3)
  5 kobolds
  2 quokkas
  3 frilled lizards
  7 rats
67 creatures vanquished.

Vanquished Creatures (collateral kills)
  2 gnolls (D:4)
  A leopard gecko skeleton (D:4)
3 creatures vanquished.

Grand Total: 70 creatures vanquished

Notes
Turn   | Place    | Note
-------+----------+-------------------------------------------
     0 | D:1      | Majang the Octopode Transmuter began the quest for the Orb.
     0 | D:1      | Reached XP level 1. HP: 13/13 MP: 3/3
   713 | D:1      | Reached XP level 2. HP: 13/18 MP: 3/5
   836 | D:1      | Learned a level 2 spell: Sticks to Snakes
  1699 | D:2      | Reached XP level 3. HP: 6/23 MP: 4/6
  2152 | D:2      | Learned a level 3 spell: Spider Form
  2460 | D:2      | Reached XP level 4. HP: 29/29 MP: 5/7
  2526 | D:3      | Reached skill level 1 in Stealth
  3302 | D:3      | Reached XP level 5. HP: 34/34 MP: 8/8
  3691 | D:4      | Reached skill level 4 in Unarmed Combat
  3854 | D:4      | Found Ypnipt's Jewellery Emporium.
  3866 | D:4      | Noticed a crocodile
  3873 | D:4      | Slain by a crocodile

Skill      XL: |  1  2  3  4  5 |
---------------+----------------+-----
Stealth        | 1 |  1.9
Fighting       | 2 |  2.0
Unarmed Combat | 4 |  4.0
Transmutations | 3 |  3.0
Dodging        | |  2.5
Shields        | |  0.7
Spellcasting   | |  2.4

Action                   |  1- 3 |  4- 6 || total
-------------------------+-------+-------++-------
Melee: Unarmed           |    83 |    65 ||   148
       Constrict         |    19 |    18 ||    37
       Kick              |    16 |    17 ||    33
       Tentacles         |     5 |     6 ||    11
       Punch             |       |     1 ||     1
 Cast: Beastly Appendage |    28 |    21 ||    49
       Sticks to Snakes  |       |     5 ||     5
  Use: Potion            |     1 |       ||     1
       Scroll            |       |     9 ||     9
 Stab: Sleeping          |     7 |     3 ||    10
       Distracted        |     1 |       ||     1
  Eat: Chunk             |     5 |     5 ||    10
Armor: Skin              |     4 |     6 ||    10
Dodge: Dodged            |    36 |    29 ||    65
Block: Buckler           |     3 |     4 ||     7
